 Dungeon Crawl Stone Soup version 0.16-a0-3661-g910cf96 (webtiles) character file.

221 JamesBald the Ducker (level 5, -1/46 HPs)
             Began as a Draconian Berserker on Jan 17, 2015.
             Was a Priest of Trog.
             Slain by an ogre
             ... wielding a cursed -2 giant club
              (10 damage)
             ... on level 4 of the Dungeon.
             The game lasted 00:25:27 (3563 turns).

JamesBald the Ducker (Draconian Berserker)          Turns: 3563, Time: 00:25:28

Health: -1/46      AC:  8    Str: 21    XL:     5   Next: 65%
Magic:  5/5        EV:  8    Int:  7    God:    Trog [***...]
Gold:   127        SH: 14    Dex: 10    Spells: 0 memorised, 4 levels left

rFire  . . .     SeeInvis .     e - +0 spear
rCold  . . .     Clarity  .     (armour unavailable)
rNeg   . . .     SustAb   .     t - +1 large shield
rPois  .         Gourm    .     (helmet restricted)
rElec  .         Spirit   .     f - +2 cloak
rCorr  +         Warding  .     (no gloves)
rMut   .         Stasis   .     (no boots)
MR     +....                    k - amulet of resist corrosion
Stlth  ++........               h - ring of stealth
                                x - ring of protection from magic

@: somewhat resistant to hostile enchantments, unstealthy
A: unfitting armour, cold-blooded, AC +5
a: Burn Spellbooks, Berserk, Trog's Hand, Renounce Religion


You were on level 4 of the Dungeon.
You worshipped Trog.
Trog was most pleased with you.
You were not hungry.

You visited 1 branch of the dungeon, and saw 4 of its levels.

You collected 127 gold pieces.

Inventory:

Hand weapons
 a - a +0 hand axe
 e - a +0 spear (weapon)
Missiles
 b - 2 steel tomahawks (quivered)
Armour
 f - a +2 cloak (worn)
 t - a +1 large shield (worn)
Jewellery
 h - a ring of stealth (right hand)
 k - an amulet of resist corrosion (around neck)
 x - a ring of protection from magic (left hand)
Scrolls
 g - a scroll of identify
 l - a scroll of fear
Potions
 c - a potion of brilliance {unknown}
 i - a potion of degeneration {unknown}
 n - a potion of invisibility {unknown}
 o - a potion of agility {unknown}
 r - 3 potions of curing {unknown}
 z - a potion of restore abilities {unknown}
Comestibles
 m - a bread ration
 v - a meat ration
 w - a beef jerky


   Skills:
 + Level 4.1 Fighting
 + Level 3.5(3.6) Axes
 + Level 1.2(2.5) Polearms
 + Level 4.5 Dodging
 + Level 1.8 Shields


You had 4 spell levels left.
You didn't know any spells.

Dungeon Overview and Level Annotations

Branches:
Dungeon (4/15)
 Temple: D:4-7

Altars:


Innate Abilities, Weirdness & Mutations

Your plain brown scales are hard (AC +5).
Your body does not fit into most forms of armour.
Your cold-blooded metabolism reacts poorly to cold.


Message History

The ogre shouts!
The ogre moves out of view.
You block the giant gecko's attack.
You completely miss the giant gecko. The giant gecko bites you.
* * * LOW HITPOINT WARNING * * *
You hit the giant gecko.
Your tail-slap misses the giant gecko.
The giant gecko is heavily wounded.
The giant gecko bites you but does no damage. x2
You closely miss the giant gecko.
The giant gecko is heavily wounded.
You block the giant gecko's attack.
You hit the giant gecko.
You kill the giant gecko!
Trog accepts your kill. You block the ogre's attack.
You see here a giant gecko corpse.
The ogre closely misses you.
You hear the slow rusting of a drain, a long way away.
The ogre hits you with a giant club!
You die...

#. .. . #.### ..###.##
#.#.. ........ .
#.#.#< ...#..#### #.
#.#.#.##..#.....
##..#.#.#.....#...#
###...#.#.###(<.#...#
............)...#...#
#.#.#.#.#.#####.@.#.#
...............O....#
.#.#.#.............###
#..).†.............#
#.#...#..........##.#
.....###########.## #
.#... .# .... ## ##


You could see an ogre.

Vanquished Creatures
  An ogre (D:4)
  Terence (D:2)
  3 adders
  A worm (D:2)
  5 giant geckos
  An orc (D:3)
  A ball python (D:1)
  6 bats
  5 giant cockroaches
  13 goblins
  6 hobgoblins
  4 kobolds
  An ooze (D:1)
  2 quokkas (D:3)
  7 giant newts
  18 jackals
  9 rats
84 creatures vanquished.

Notes
Turn   | Place    | Note
--------------------------------------------------------------
     0 | D:1      | JamesBald, the Draconian Berserker, began the quest for the Orb.
     0 | D:1      | Reached XP level 1. HP: 19/19 MP: 1/1
   195 | D:1      | Reached XP level 2. HP: 16/26 MP: 2/2
   295 | D:1      | Acquired Trog's second power
   787 | D:1      | Reached XP level 3. HP: 31/33 MP: 3/3
   843 | D:1      | Reached skill level 4 in Fighting
  1762 | D:2      | Reached XP level 4. HP: 40/40 MP: 4/4
  1944 | D:2      | Noticed Terence
  1960 | D:2      | Killed Terence
  3517 | D:4      | Noticed an ogre
  3536 | D:4      | Killed an ogre
  3536 | D:4      | Reached skill level 1 in Polearms
  3536 | D:4      | Reached skill level 1 in Shields
  3536 | D:4      | Reached XP level 5. HP: 9/46 MP: 5/5
  3545 | D:4      | Noticed an ogre
  3563 | D:4      | Slain by an ogre

Action                   |  1- 3 |  4- 6 || total
-------------------------+-------+-------++-------
Melee: Hand axe          |    46 |       ||    46
       Spear             |   224 |   164 ||   388
  Use: Scroll            |     4 |     6 ||    10
 Stab: Sleeping          |       |     1 ||     1
  Eat: Bread ration      |     1 |     1 ||     2
       Chunk             |     1 |       ||     1
       Pizza             |       |     1 ||     1
